 Dungeon Crawl Stone Soup version 0.30-a0-6-g7c9e10e132 (webtiles) character file.

Game seed: 10233196903589302016

90 siradein the Trooper (level 4, -1/24 HPs)
             Began as a Vine Stalker Fighter on Aug 22, 2022.
             Slain by Sigmund
             ... wielding a +2 vampiric scythe
              (8 damage)
             ... on level 3 of the Dungeon.
             The game lasted 00:02:53 (1908 turns).

siradein the Trooper (Vine Stalker Fighter)         Turns: 1908, Time: 00:02:53

Health: -1/24      AC:  6    Str: 18    XL:     4   Next: 56%
Magic:  0/5        EV:  9    Int: 10    God:
Gold:   82         SH:  0    Dex: 14    Spells: 3/3 levels left

rFire   . . .      SeeInvis .    a - +0 long sword
rCold   . . .      Faith    .    c - +0 buckler
rNeg    . . .      Spirit   +    b - +0 scale mail
rPois   .          Reflect  .    (no helmet)
rElec   .          Harm     .    (no cloak)
rCorr   .          Rampage  .    (no gloves)
Will    .....                    (no boots)
Stlth   ..........               (no amulet)
HPRegen 0.88/turn                (no ring)
MPRegen 0.09/turn                (no ring)

@: confused, attractive, flying
A: fangs 2, regeneration 1, magic shield, antimagic bite, no potion heal 2
a: no special abilities


You were on level 3 of the Dungeon.
You visited 1 branch of the dungeon, and saw 3 of its levels.

You collected 82 gold pieces.

Inventory:

Hand Weapons
 a - a +0 long sword (weapon)
Armour
 b - a +0 scale mail (worn)
 c - a +0 buckler (worn)
Scrolls
 e - 2 scrolls of poison {unknown}
 f - a scroll of noise {unknown}
 i - 2 scrolls of teleportation {unknown}
 j - a scroll of amnesia {unknown}
 m - 2 scrolls of identify {unknown}
 n - a scroll of vulnerability {unknown}
 o - a scroll of fog {unknown}
Potions
 d - a potion of might
 g - a potion of haste {unknown}
 h - a potion of resistance {unknown}
 l - a potion of attraction


   Skills:
 + Level 3.3 Fighting
 + Level 2.5 Long Blades
 + Level 3.0 Armour
 + Level 3.3 Shields


You had 3 spell levels left.
You didn't know any spells.
Your spell library was empty.

Dungeon Overview and Level Annotations

Branches:
Dungeon (3/15)

Altars:

Annotations:
D:3 Sigmund


Innate Abilities, Weirdness & Mutations

You have extremely sharp teeth.
Your natural rate of healing is unusually fast.
When hurt, damage is shared between your health and your magic reserves.
Your bite disrupts and absorbs the magic of your enemies.
Potions cannot restore your health.


Message History

There is a stone staircase leading up here.
You see here a +2 ring mail of cold resistance.
Found a sling.
o - a scroll labelled VAYS LEOHEMOT You now have 82 gold pieces (gained 7).
Found a robe.
An orc and Sigmund come into view.
Sigmund is wielding a +2 vampiric scythe.
The orc shouts!
Sigmund shouts!
Sigmund gestures at you while chanting.
You are confused.
The orc moves out of view.
Sigmund hits you with a +2 vampiric scythe!
Sigmund hits you with a +2 vampiric scythe.
You bump into the rock wall.
Sigmund whispers, "You'll know eternity soon."
Sigmund hits you with a +2 vampiric scythe.
You bump into the rock wall.
You feel less confused.
You hit Sigmund.
Sigmund is lightly wounded.
Sigmund hits you with a +2 vampiric scythe!
Sigmund draws strength from your wounds!
You barely miss Sigmund. You bite Sigmund.
Sigmund's magic leaks into the air.
You drain his magic.
You feel invigorated.
Sigmund is lightly wounded.
Sigmund hits you with a +2 vampiric scythe!
* * * LOW HITPOINT WARNING * * *
You closely miss Sigmund.
Sigmund is lightly wounded.
Sigmund casts a spell at you.
You are confused.
It was a potion of attraction.
You feel attractive to monsters. Sigmund misses you.
It was a potion of flight.
You feel very buoyant.
You fly up into the air.
Sigmund hits you with a +2 vampiric scythe!
You die...

#.# #.##..#...#
#.# #.#
#.##..##..# #.#
#.# #.#.......#
#.# #.#
#........## #.#
#<#
#........#######.
#.#
##.....#........[
#.#
##....##########
#.# #...#.# #.#
#@#.#.# #.##
#@###.# #..# #o.
#.# #### ..#.#..
.#..### .# . # #
#


You could see Sigmund (magic disrupted) and an orc.

Vanquished Creatures
  4 adders (D:2)
  A worm (D:2)
  3 dart slugs
  5 ball pythons
  2 endoplasms
  5 giant cockroaches
  6 goblins
  3 hobgoblins
  3 quokkas
  6 frilled lizards
  7 kobolds
  2 rats
47 creatures vanquished.

Notes
Turn   | Place    | Note
-------+----------+-------------------------------------------
     0 | D:1      | siradein the Vine Stalker Fighter began the quest for the
                  | Orb.
     0 | D:1      | Reached XP level 1. HP: 11/11 MP: 2/2
   193 | D:1      | Reached XP level 2. HP: 16/16 MP: 3/3
   513 | D:1      | Reached XP level 3. HP: 20/20 MP: 4/4
  1297 | D:2      | Gained mutation: Your natural rate of healing is unusually
                  | fast. [Vine Stalker growth]
  1297 | D:2      | Reached XP level 4. HP: 21/24 MP: 5/5
  1651 | D:2      | Found a faded altar of an unknown god.
  1896 | D:3      | Noticed Sigmund
  1908 | D:3      | Slain by Sigmund

Illustrated notes

Levels and vault maps discovered:
D:1:      eino_arrival_tree_alley, layout_rooms, minmay_misc_feat_square,
          chequers_serial_rivers_small_3
D:2:      layout_loops_cross, hellmonk_ecumenical_altar_zigzags
D:3:      layout_loops_ring, lemuel_round_altar, marbit_many_paths,
          nicolae_elevator_lobby_asterisk, uniq_grinder, uniq_ijyb, uniq_sigmund

Skill      XL: |  1  2  3  4 |
---------------+-------------+-----
Long Blades    | 2 |  2.5
Shields        | 3 |  3.3
Fighting       | 3 |  3.3
Armour         | 3 |  3.0

Action                   |  1- 3 |  4- 6 || total
-------------------------+-------+-------++-------
Melee: Long sword        |    89 |    25 ||   114
       Bite              |    17 |     8 ||    25
  Use: Potion            |       |     2 ||     2
Armor: Scale mail        |    36 |     7 ||    43
Dodge: Dodged            |    46 |     6 ||    52
Block: Buckler           |    14 |     1 ||    15

Table legend: (Time is in decaauts)
 A = Elapsed time spent in this place.
 B = Non-inter-level travel time spent in this place.
 C = Inter-level travel time spent in this place.
 D = Time resting spent in this place.
 E = Time spent auto-exploring this place.
 F = Levels seen in this place.
 G = Mean time per level.
                   A        B        C        D        E       F      G
               +--------+--------+--------+--------+--------+-----+--------+
         Total |   1950 |   1921 |     29 |      4 |   1593 |   3 |  650.0 |
       Dungeon |   1950 |   1921 |     29 |      4 |   1593 |   3 |  650.0 |
               +--------+--------+--------+--------+--------+-----+--------+

Top non-repeatable levels by time:
     D:2: 1029 daAuts
     D:1: 830 daAuts
     D:3: 90 daAuts
